BLB
SEATTLE PILOTS @ NEW YORK CYCLONES
08/28/2059
 
TOP OF THE 1ST
Seattle Pilots batting - Pitching for New York Cyclones : RHP Oscar Dudzik
Pitching: RHP Oscar Dudzik
Batting: RHB Rice Mesyan 0-0: Ball
1-0: Called Strike
1-1: Ball
2-1: Ground out 3-1 (Groundball, 34, EV 91.2 MPH)
Batting: RHB Douglas Morrison 0-0: Called Strike
0-1: Foul Ball, location: 2F
0-2: Strikes out swinging
Batting: LHB Cade McCormick 0-0: Foul Ball, location: 2F
0-1: Reached on error, E5 (Flyball, 5D, EV 95.0 MPH)
Batting: RHB Beau Pruett 0-0: Ball
1-0: Foul Ball, location: 2F
1-1: Ball
2-1: Ball
3-1: Fly out, F4 (Popup, 13S, EV 83.1 MPH)
Top of the 1st over - 0 runs, 0 hits, 1 error, 1 left on base; Seattle 0 - New York 0
BOTTOM OF THE 1ST
New York Cyclones batting - Pitching for Seattle Pilots : RHP B.B. Trynkov
Pitching: RHP B.B. Trynkov
Batting: LHB John McIntyre 0-0: Ball
1-0: Swinging Strike
1-1: Ball
2-1: Ball
3-1: Foul Ball, location: 2F
3-2: Strikes out swinging
Batting: RHB Fred Etheridge 0-0: Ground out 5-3 (Groundball, 56S, EV 68.8 MPH)
Batting: RHB Jarrett Evans 0-0: SINGLE (Flyball, 5D, EV 97.5 MPH)
Batting: LHB Jim Mjima 0-0: Foul Ball, location: 2F
0-1: Swinging Strike
0-2: DOUBLE (Flyball, 8LXD, EV 97.5 MPH)
Jarrett Evans to third
Runner from 3rd tries for Home, SAFE, throw by CF to home
Batting: LHB Jared Rosewall 0-0: Ball
1-0: Called Strike
1-1: Ball
2-1: Foul Ball, location: 2F
2-2: Foul Ball, location: 2F
2-2: Ball
3-2: Foul Ball, location: 2F
3-2: Ground out 5-3 (Groundball, 56S, EV 75.0 MPH)
Bottom of the 1st over - 1 run, 2 hits, 0 errors, 1 left on base; Seattle 0 - New York 1
TOP OF THE 2ND
Seattle Pilots batting - Pitching for New York Cyclones : RHP Oscar Dudzik
Batting: RHB Cole Kleiner 0-0: DOUBLE (Groundball, 3L, EV 97.5 MPH)
Batting: LHB Joseph Brandon 0-0: Ball
1-0: Ball
2-0: Swinging Strike
2-1: Called Strike
2-2: Ball
3-2: Ground out 4-3 (Groundball, 4, EV 83.8 MPH)
Cole Kleiner to third
Batting: RHB Dalton Howland 0-0: Called Strike
0-1: Foul Ball, location: 2F
0-2: Ball
1-2: Ball
2-2: Strikes out swinging
Batting: RHB Karviar Smallwood 0-0: Ball
1-0: Foul Ball, location: 2F
1-1: Called Strike
1-2: Ball
2-2: Ball
3-2: Foul Ball, location: 2F
3-2: SINGLE (Groundball, 6MD, EV 101.9 MPH)
Cole Kleiner scores
Batting: RHB Jovan Elerson 0-0: Called Strike
0-1: SINGLE (Line Drive, 4MD, EV 95.6 MPH)
Karviar Smallwood to second
Batting: RHB Rice Mesyan 0-0: Ball
1-0: Ball
2-0: SINGLE (Groundball, 56D, EV 102.5 MPH)
Karviar Smallwood to third
Jovan Elerson to second
Runner from 3rd tries for Home, throw by LF and OUT! 7-2
Top of the 2nd over - 1 run, 4 hits, 0 errors, 2 left on base; Seattle 1 - New York 1
BOTTOM OF THE 2ND
New York Cyclones batting - Pitching for Seattle Pilots : RHP B.B. Trynkov
Batting: RHB Alexander Charter 0-0: Called Strike
0-1: Ball
1-1: Called Strike
1-2: SINGLE (Groundball, 56D, EV 108.8 MPH)
Batting: LHB Tariq Alston 0-0: Foul Ball, location: 2F
0-1: Hit by Pitch
Alexander Charter to second
Batting: RHB Devon Richardson 0-0: Ball
1-0: Foul Ball, location: 2F
1-1: Ball
Wild Pitch!
Alexander Charter to third
Tariq Alston to second
2-1: Swinging Strike
2-2: Strikes out swinging
Batting: RHB Kaniel Martinez 0-0: Swinging Strike
0-1: Ball
Wild Pitch!
Alexander Charter scores
Tariq Alston to third
1-1: Ball
2-1: Foul Ball, location: 2F
2-2: Strikes out looking
Batting: LHB John McIntyre 0-0: Called Strike
0-1: Ball
1-1: Swinging Strike
1-2: Ball
2-2: 2-RUN HOME RUN (Flyball, 78XD, EV 104.4 MPH), Distance : 408 ft
Batting: RHB Fred Etheridge 0-0: Ball
1-0: Ball
2-0: Ball
3-0: Base on Balls
Batting: RHB Jarrett Evans 0-0: SINGLE (Groundball, 25, EV 70.0 MPH) (infield hit)
Fred Etheridge to second
Batting: LHB Jim Mjima 0-0: Fly out, F7 (Line Drive, 7, EV 89.4 MPH)
Bottom of the 2nd over - 3 runs, 3 hits, 0 errors, 2 left on base; Seattle 1 - New York 4
TOP OF THE 3RD
Seattle Pilots batting - Pitching for New York Cyclones : RHP Oscar Dudzik
Batting: RHB Douglas Morrison 0-0: Foul Ball, location: 2F
0-1: Swinging Strike
0-2: Foul Ball, location: 2F
0-2: Ground out U3 (Groundball, 3S, EV 86.2 MPH)
Batting: LHB Cade McCormick 0-0: Called Strike
0-1: Ball
1-1: Called Strike
1-2: Ball
2-2: Ball
3-2: Foul Ball, location: 2F
3-2: Fly out, F9 (Flyball, 9D, EV 94.4 MPH)
Batting: RHB Beau Pruett 0-0: Foul Ball, location: 2F
0-1: Foul Ball, location: 2F
0-2: Ball
1-2: Foul Ball, location: 2F
1-2: Strikes out swinging
Top of the 3rd over - 0 runs, 0 hits, 0 errors, 0 left on base; Seattle 1 - New York 4
BOTTOM OF THE 3RD
New York Cyclones batting - Pitching for Seattle Pilots : RHP B.B. Trynkov
Batting: LHB Jared Rosewall 0-0: Ball
1-0: Foul Ball, location: 2F
1-1: Called Strike
1-2: Hit by Pitch
Pinch Runner at 1st Parker Capalbo:
Batting: RHB Alexander Charter 0-0: Fly out, F6 (Popup, 6, EV 67.5 MPH)
Batting: LHB Tariq Alston 0-0: Ball
1-0: Ball
2-0: Grounds into double play, 4-6-3 (Groundball, 34, EV 88.1 MPH)
Bottom of the 3rd over - 0 runs, 0 hits, 0 errors, 0 left on base; Seattle 1 - New York 4
TOP OF THE 4TH
Seattle Pilots batting - Pitching for New York Cyclones : RHP Oscar Dudzik
Now in LF: Alexander Charter
Now in CF: Parker Capalbo
Batting: RHB Cole Kleiner 0-0: Ball
1-0: Ball
2-0: SINGLE (Groundball, 5D, EV 96.9 MPH)
Batting: LHB Joseph Brandon 0-0: Ball
1-0: Ball
2-0: Foul Ball, location: 2F
2-1: Foul Ball, location: 2F
2-2: Foul Ball, location: 2F
2-2: SINGLE (Groundball, 23, EV 66.9 MPH) (infield hit)
Cole Kleiner to second
Batting: RHB Dalton Howland 0-0: Foul Ball, location: 2F
0-1: Ball
1-1: Ball
2-1: SINGLE (Line Drive, 9S, EV 96.9 MPH)
Cole Kleiner to third
Joseph Brandon to second
Batting: RHB Karviar Smallwood 0-0: Ball
1-0: Ball
2-0: Ball
3-0: Called Strike
3-1: Foul Ball, location: 2F
3-2: Strikes out swinging
Batting: RHB Jovan Elerson 0-0: Called Strike
0-1: Swinging Strike
0-2: Strikes out swinging
Batting: RHB Rice Mesyan 0-0: Ball
1-0: Called Strike
1-1: SINGLE (Groundball, 23, EV 65.0 MPH) (infield hit)
Cole Kleiner scores
Joseph Brandon to third
Dalton Howland to second
Batting: RHB Douglas Morrison 0-0: Called Strike
0-1: Ground out 6-3 (Groundball, 6M, EV 106.9 MPH)
Top of the 4th over - 1 run, 4 hits, 0 errors, 3 left on base; Seattle 2 - New York 4
BOTTOM OF THE 4TH
New York Cyclones batting - Pitching for Seattle Pilots : RHP B.B. Trynkov
Batting: RHB Devon Richardson 0-0: Ground out 5-3 (Groundball, 5L, EV 90.0 MPH)
Batting: RHB Kaniel Martinez 0-0: Called Strike
0-1: Foul Ball, location: 2F
0-2: Foul Ball, location: 2F
0-2: Ball
1-2: Strikes out swinging
Batting: LHB John McIntyre 0-0: Ball
1-0: Called Strike
1-1: Ball
2-1: Ball
3-1: Foul Ball, location: 2F
3-2: Strikes out swinging
Bottom of the 4th over - 0 runs, 0 hits, 0 errors, 0 left on base; Seattle 2 - New York 4
TOP OF THE 5TH
Seattle Pilots batting - Pitching for New York Cyclones : RHP Oscar Dudzik
Batting: LHB Cade McCormick 0-0: Swinging Strike
0-1: Swinging Strike
0-2: Ball
1-2: Strikes out swinging
Batting: RHB Beau Pruett 0-0: Ball
1-0: Ball
2-0: Ball
3-0: Fly out, F2 (Popup, 2RF, EV 90.6 MPH)
Batting: RHB Cole Kleiner 0-0: Called Strike
0-1: Ball
1-1: Swinging Strike
1-2: Strikes out swinging
Top of the 5th over - 0 runs, 0 hits, 0 errors, 0 left on base; Seattle 2 - New York 4
BOTTOM OF THE 5TH
New York Cyclones batting - Pitching for Seattle Pilots : RHP B.B. Trynkov
Batting: RHB Fred Etheridge 0-0: Called Strike
0-1: Swinging Strike
0-2: Ball
1-2: Foul Ball, location: 2F
1-2: Ground out 5-3 (Groundball, 5L, EV 108.8 MPH)
Batting: RHB Jarrett Evans 0-0: Called Strike
0-1: Ball
1-1: Ball
2-1: Ball
3-1: Ground out 3-1 (Groundball, 34, EV 110.6 MPH)
Batting: LHB Jim Mjima 0-0: Ball
1-0: Swinging Strike
1-1: Called Strike
1-2: Strikes out swinging
Bottom of the 5th over - 0 runs, 0 hits, 0 errors, 0 left on base; Seattle 2 - New York 4
TOP OF THE 6TH
Seattle Pilots batting - Pitching for New York Cyclones : RHP Oscar Dudzik
Batting: LHB Joseph Brandon 0-0: Ball
1-0: SINGLE (Line Drive, 56D, EV 103.8 MPH)
Batting: RHB Dalton Howland 0-0: Ball
1-0: Ball
2-0: Ball
3-0: Called Strike
3-1: Fly out, F7 (Line Drive, 7, EV 93.1 MPH)
Batting: RHB Karviar Smallwood 0-0: Foul Ball, location: 2F
0-1: Swinging Strike
0-2: Ball
1-2: Strikes out swinging
Batting: RHB Jovan Elerson 0-0: Called Strike
0-1: Called Strike
0-2: Strikes out swinging
Top of the 6th over - 0 runs, 1 hit, 0 errors, 1 left on base; Seattle 2 - New York 4
BOTTOM OF THE 6TH
New York Cyclones batting - Pitching for Seattle Pilots : RHP B.B. Trynkov
Batting: RHB Parker Capalbo 0-0: Ball
1-0: Called Strike
1-1: Ball
2-1: Swinging Strike
2-2: Ball
3-2: Base on Balls
Batting: RHB Alexander Charter 0-0: Ball
1-0: Bunted foul
1-1: Sac Bunt to 5S - play at first, batter OUT! 5-3
Parker Capalbo to second
Batting: LHB Tariq Alston 0-0: 2-RUN HOME RUN (Line Drive, 7LD, EV 96.9 MPH), Distance : 358 ft
Pitching: RHP Ryder Middleton
Batting: RHB Devon Richardson 0-0: Ball
1-0: Ball
2-0: Foul Ball, location: 2F
2-1: Called Strike
2-2: Ball
3-2: Strikes out swinging
Batting: RHB Kaniel Martinez 0-0: Called Strike
0-1: Fly out, F9 (Flyball, 89D, EV 90.0 MPH)
Bottom of the 6th over - 2 runs, 1 hit, 0 errors, 0 left on base; Seattle 2 - New York 6
TOP OF THE 7TH
Seattle Pilots batting - Pitching for New York Cyclones : RHP Oscar Dudzik
Pitching: LHP Richard Dobson
Batting: RHB Rice Mesyan 0-0: Ball
1-0: Foul Ball, location: 2F
1-1: Ground out 5-3 (Groundball, 5, EV 88.8 MPH)
Batting: RHB Douglas Morrison 0-0: Ball
1-0: Called Strike
1-1: Ball
2-1: Swinging Strike
2-2: Ball
3-2: Foul Ball, location: 2F
3-2: Ground out 5-3 (Groundball, 56S, EV 79.4 MPH)
Batting: LHB Cade McCormick 0-0: Ball
1-0: Ball
2-0: Called Strike
2-1: Called Strike
2-2: Ball
3-2: Strikes out swinging
Top of the 7th over - 0 runs, 0 hits, 0 errors, 0 left on base; Seattle 2 - New York 6
BOTTOM OF THE 7TH
New York Cyclones batting - Pitching for Seattle Pilots : RHP Ryder Middleton
Batting: LHB John McIntyre 0-0: Called Strike
0-1: Fly out, F7 (Flyball, 78S, EV 77.5 MPH)
Batting: RHB Fred Etheridge 0-0: Called Strike
0-1: Swinging Strike
0-2: Ball
1-2: Foul Ball, location: 2F
1-2: Ball
2-2: Foul Ball, location: 2F
2-2: Ball
3-2: SINGLE (Flyball, 8RS, EV 90.6 MPH)
Batting: RHB Jarrett Evans 0-0: Called Strike
0-1: SINGLE (Groundball, 56D, EV 100.0 MPH)
Fred Etheridge to second
Batting: LHB Jim Mjima 0-0: Called Strike
0-1: Ball
1-1: Ball
2-1: SINGLE (Line Drive, 6D, EV 94.4 MPH)
Fred Etheridge to third
Jarrett Evans to second
Batting: RHB Parker Capalbo 0-0: Called Strike
0-1: Ball
1-1: Ball
2-1: SINGLE (Groundball, 5S, EV 73.8 MPH) (infield hit)
Fred Etheridge scores
Jarrett Evans to third
Jim Mjima to second
Batting: RHB Alexander Charter 0-0: Ball
1-0: Ball
2-0: Called Strike
2-1: Swinging Strike
2-2: Fly out, F4 (Popup, 34S, EV 82.5 MPH)
Pitching: RHP Kris Hansen
Batting: LHB Tariq Alston 0-0: Fly out, F8 (Line Drive, 8RD, EV 94.4 MPH)
Bottom of the 7th over - 1 run, 4 hits, 0 errors, 3 left on base; Seattle 2 - New York 7
TOP OF THE 8TH
Seattle Pilots batting - Pitching for New York Cyclones : LHP Richard Dobson
Batting: RHB Beau Pruett 0-0: Ball
1-0: Called Strike
1-1: Ball
2-1: SINGLE (Flyball, 8LM, EV 85.0 MPH)
Batting: RHB Cole Kleiner 0-0: Ball
1-0: Ball
2-0: Called Strike
2-1: Swinging Strike
2-2: Strikes out swinging
Pinch Hitting: RHB Jerry Coleman 0-0: Ball
1-0: Foul Ball, location: 2F
1-1: Ground out U3 (Groundball, 3S, EV 66.9 MPH)
Beau Pruett to second
Batting: RHB Dalton Howland 0-0: Called Strike
0-1: Ball
1-1: SINGLE (Groundball, 4MD, EV 107.5 MPH)
Beau Pruett to third
Runner from 3rd tries for Home, SAFE, throw by CF to home
Batting: RHB Karviar Smallwood 0-0: Swinging Strike
0-1: Ball
1-1: Ball
2-1: Swinging Strike
2-2: Foul Ball, location: 2F
2-2: Foul Ball, location: 2F
2-2: Ball
3-2: Foul Ball, location: 2F
3-2: Strikes out swinging
Top of the 8th over - 1 run, 2 hits, 0 errors, 1 left on base; Seattle 3 - New York 7
BOTTOM OF THE 8TH
New York Cyclones batting - Pitching for Seattle Pilots : RHP Kris Hansen
Now in LF: Karviar Smallwood
Now in RF: Ryan Carr
Batting: RHB Devon Richardson 0-0: Called Strike
0-1: Ground out 4-3 (Groundball, 34, EV 102.5 MPH)
Batting: RHB Kaniel Martinez 0-0: Called Strike
0-1: Ball
1-1: Ball
2-1: Foul Ball, location: 2F
2-2: Strikes out swinging
Batting: LHB John McIntyre 0-0: Ball
1-0: Ground out 4-3 (Groundball, 4M, EV 101.9 MPH)
Bottom of the 8th over - 0 runs, 0 hits, 0 errors, 0 left on base; Seattle 3 - New York 7
TOP OF THE 9TH
Seattle Pilots batting - Pitching for New York Cyclones : LHP Richard Dobson
Pitching: LHP Dawson Hupp
Batting: RHB Jovan Elerson 0-0: Ball
1-0: Ball
2-0: Foul Ball, location: 2F
2-1: Foul Ball, location: 2F
2-2: Foul Ball, location: 2F
2-2: Fly out, F8 (Line Drive, 8RD, EV 97.5 MPH)
Batting: RHB Rice Mesyan 0-0: Foul Ball, location: 2F
0-1: Called Strike
0-2: Ball
1-2: Ball
2-2: Strikes out looking
Batting: RHB Douglas Morrison 0-0: Foul Ball, location: 2F
0-1: Swinging Strike
0-2: Ground out 4-3 (Groundball, 4, EV 85.0 MPH)
Top of the 9th over - 0 runs, 0 hits, 0 errors, 0 left on base; Seattle 3 - New York 7
Wednesday, March 27th , 2024 - OOTP Baseball 23.10 Build 110